 Dungeon Crawl Stone Soup version 0.25-a0-294-gea9b1ad378 (webtiles) character file.

Game seed: 8306412133474659970, levelgen mode: classic

10721 Borgoz the Carver (level 11, -34/99 HPs)
             Began as a Minotaur Berserker on Dec 17, 2019.
             Was an Elder of Trog.
             Annihilated by a minotaur
             ... wielding the +7 broad axe of Zaenka {freeze, rN+ Str+5}
              (36 damage)
             ... while paralysed
             ... in a Gauntlet.
             The game lasted 00:18:38 (10604 turns).

Borgoz the Carver (Minotaur Berserker)             Turns: 10604, Time: 00:18:39

Health: -34/99     AC:  8    Str: 27    XL:     11   Next: 39%
Magic:  12/12      EV:  2    Int:  4    God:    Trog [****..]
Gold:   376        SH:  0    Dex: 12    Spells: 10/10 levels left

rFire    + . .     SeeInvis .   a - +4 great sword (slice)
rCold    + . .     Gourm    .   (shield currently unavailable)
rNeg     . . .     Faith    .   E - +1 leather armour (curse)
rPois    .         Spirit   .   (helmet restricted)
rElec    +         Reflect  .   H - scarf {rC+ rF+}
rCorr    .         Harm     .   w - +2 pair of gloves of Absolutism {rElec}
MR       .....     NoTele   +   (no boots)
Stlth    +.........             (no amulet)
HPRegen  0.26/turn              p - +4 ring of strength
MPRegen  0.13/turn              O - +4 ring of evasion

@: paralysed, berserk cooldown, slowed
A: retaliatory headbutt, horns 2
a: Berserk, Trog's Hand, Brothers in Arms, Renounce Religion


You were in a Gauntlet.
You worshipped Trog.
Trog was greatly pleased with you.
You were not hungry.

You visited 1 branch of the dungeon, and saw 11 of its levels.
You also visited: Gauntlet.

You collected 1052 gold pieces.
You spent 676 gold pieces at shops.

Inventory:

Hand Weapons
 a - a +4 great sword of slicing (weapon)
 b - a +1 scimitar of flaming
 I - a +3 scimitar
Missiles
 K - 3 throwing nets (quivered)
Armour
 w - the +2 pair of gloves of Absolutism (worn) {rElec}
   (You found it in a Gauntlet)

   It insulates you from electricity.
 E - a cursed +1 leather armour (worn)
 H - a scarf of resistance (worn)
Jewellery
 d - the ring of the Bruised Allies {rPois AC+2}
   (You found it in a Gauntlet)

   [ring of protection]

   It affects your AC (+2).
   It protects you from poison.
 p - a +4 ring of strength (left hand)
 M - an uncursed ring of resist corrosion
 O - a +4 ring of evasion (right hand)
Wands
 s - a wand of acid (7)
 y - a wand of disintegration (12)
 z - a wand of polymorph (8)
 B - a wand of flame (19)
 N - a wand of random effects (11)
Scrolls
 e - a scroll of remove curse {unknown}
 f - a scroll of random uselessness {unknown}
 g - a scroll of enchant weapon {unknown}
 h - a scroll of teleportation
 j - 3 scrolls of magic mapping
 k - a scroll of fear {unknown}
 n - 2 scrolls of fog {unknown}
 v - 4 scrolls of amnesia {unknown}
 x - 5 scrolls of blinking {unknown}
 D - 3 scrolls of enchant armour
 L - a scroll of acquirement
 P - 2 scrolls of noise {unknown}
Potions
 i - 2 potions of curing
 l - 3 potions of haste
 m - 3 potions of heal wounds
 o - 2 potions of mutation
 q - 4 potions of lignification
 r - 2 potions of ambrosia
 t - 2 potions of magic
 A - 2 potions of flight
 F - 5 potions of invisibility
 G - a potion of brilliance
Comestibles
 c - 16 rations


   Skills:
 + Level 10.0 Fighting
 + Level 12.4 Long Blades
 + Level 9.6 Armour
 + Level 8.9 Dodging
   Level 5.4 Shields
 + Level 3.9 Evocations


You had 10 spell levels left.
You didn't know any spells.
Your spell library was empty.

Dungeon Overview and Level Annotations

Branches:
Dungeon (11/15)            Temple (0/1) D:6            Lair (0/6) D:10
    Orc (0/2) D:11        Gauntlet (1/1)

Altars:
Hepliaklqana
Makhleb
Okawaru
Ru
Sif Muna
Uskayaw
Zin

Shops:
D:4 !   D:5 *   D:9 }:?   D:10 !

Annotations:
Gauntlet 6 transporters, 21 runed translucent doors, exclusion: lightning spire


Innate Abilities, Weirdness & Mutations

You reflexively headbutt those who attack you in melee.
You have a pair of horns on your head.


Message History

The minotaur is severely wounded.
The minotaur hits you but does no damage.
The minotaur gores you!
You hit the minotaur.
The minotaur is severely wounded.
The minotaur hits you with the +7 broad axe of Zaenka {freeze, rN+ Str+5}!!
* * * LOW HITPOINT WARNING * * *
The minotaur freezes you!
* * * LOW HITPOINT WARNING * * *
The minotaur gores you!
* * * LOW HITPOINT WARNING * * *
The minotaur rages.
There is an open door here.
You feel a strong urge to attack something.
You see here a javelin.
You are no longer berserk.
You pass out from exhaustion.
You feel yourself slow down.
The minotaur hits you with the +7 broad axe of Zaenka {freeze, rN+ Str+5}!!!
You die...

##§#≈#≈#≈#≈########≈#≈#§#≈###
###########.©..©.#########
#####......#####
...............#
...............#
###.###.###.####
###.###.###.###
#.............#
#.###.###@###.#
#.......H.....#
#######'####### #.# #..∩.#
+⌠...# #...⌠+ #.⌠..# ##+###


You could see a minotaur (berserk).

Vanquished Creatures
  Harold (D:9)
  Erica (D:8)
  A thrashing horror (Gauntlet)
  An ugly thing (D:6)
  An oklob plant (Gauntlet)
  Joseph (D:9)
  Psyche (D:9)
  2 hippogriffs (D:10)
  Sigmund (D:3)
  6 flying skulls (Gauntlet)
  A wraith (D:10)
  Eustachio (D:4)
  A wyvern (D:7)
  Menkaure (D:7)
  A warg (D:11)
  3 porcupines (D:10)
  An acid dragon (Gauntlet)
  2 orc warriors
  3 sky beasts
  An ice beast (D:10)
  An eye of draining (D:9)
  4 ogres
  3 black bears (D:10)
  3 phantoms
  2 centaurs (D:9)
  3 small abominations (Gauntlet)
  3 crocodiles
  A big kobold (D:9)
  2 bullfrogs (D:10)
  A wyvern zombie (D:8)
  A water moccasin zombie (D:5)
  2 scorpions
  8 killer bees
  A wight (D:5)
  2 howler monkeys
  3 crimson imps
  A quasit (D:9)
  5 hounds
  A jelly (D:10)
  2 bullfrog skeletons
  5 orc priests
  11 orc wizards
  Ijyb (D:4)
  2 centaur skeletons
  8 worker ants
  3 iguanas
  2 killer bee zombies
  2 hound skeletons
  A howler monkey zombie (D:10)
  4 gnolls (D:6)
  3 worker ant zombies
  8 adders
  2 shadow imps
  2 oozes
  An adder skeleton (D:7)
  5 worms
  5 dart slugs
  2 leopard geckos
  40 orcs
  2 ball pythons (D:4)
  4 bats
  4 giant cockroaches
  13 goblins
  10 hobgoblins
  17 jackals
  3 quokkas
  2 ball python skeletons
  A ball python zombie (D:5)
  6 frilled lizards
  A jackal skeleton (D:4)
  11 kobolds
  A leopard gecko skeleton (D:5)
  A quokka skeleton (D:8)
  A quokka zombie (D:5)
  10 rats
274 creatures vanquished.

Vanquished Creatures (others)
  18 fungi
  9 plants
27 creatures vanquished.

Grand Total: 301 creatures vanquished

Notes
Turn   | Place    | Note
-------+----------+-------------------------------------------
     0 | D:1      | Borgoz the Minotaur Berserker began the quest for the Orb.
     0 | D:1      | Reached XP level 1. HP: 19/19 MP: 0/0
    58 | D:1      | Reached XP level 2. HP: 18/27 MP: 1/1
    71 | D:1      | Reached skill level 4 in Long Blades
   454 | D:1      | Reached ** piety under Trog
   454 | D:1      | Reached XP level 3. HP: 29/33 MP: 2/2
   713 | D:2      | Reached XP level 4. HP: 31/40 MP: 3/3
   762 | D:2      | Found an iron altar of Okawaru.
   910 | D:2      | Found a shimmering blue altar of Sif Muna.
   985 | D:3      | Noticed Sigmund
   991 | D:3      | Killed Sigmund
   991 | D:3      | Reached skill level 5 in Long Blades
   991 | D:3      | Reached XP level 5. HP: 47/47 MP: 4/4
  1176 | D:3      | Reached XP level 6. HP: 55/55 MP: 5/5
  1306 | D:3      | Reached skill level 6 in Long Blades
  1308 | D:3      | Reached skill level 5 in Fighting
  1861 | D:4      | Found Ychataj's Distillery.
  1918 | D:4      | Reached *** piety under Trog
  1948 | D:4      | Noticed Eustachio
  1965 | D:4      | Killed Eustachio
  1965 | D:4      | Reached XP level 7. HP: 61/61 MP: 6/6
  2091 | D:4      | Reached skill level 7 in Long Blades
  2374 | D:4      | Noticed Ijyb
  2382 | D:4      | Killed Ijyb
  2792 | D:5      | Entered Level 5 of the Dungeon
  2819 | D:5      | Reached skill level 5 in Armour
  2850 | D:5      | Reached skill level 1 in Shields
  3193 | D:5      | Found Zin's Purification Station.
  3198 | D:5      | Found a glowing silver altar of Zin.
  3369 | D:5      | Reached XP level 8. HP: 70/70 MP: 7/7
  3464 | D:5      | Reached skill level 5 in Dodging
  3654 | D:5      | Reached skill level 8 in Long Blades
  3708 | D:5      | Reached **** piety under Trog
  4311 | D:6      | Noticed a green ugly thing
  4313 | D:6      | Found a burning altar of Makhleb.
  4328 | D:6      | Killed a green ugly thing
  4328 | D:6      | Reached skill level 9 in Long Blades
  4328 | D:6      | Reached XP level 9. HP: 36/79 MP: 8/8
  4817 | D:6      | Found a staircase to the Ecumenical Temple.
  5058 | D:7      | Found a hazy altar of Hepliaklqana.
  5554 | D:7      | Noticed a +0 hand axe
  5554 | D:7      | Noticed a +0 hand axe
  5559 | D:7      | Found a hide-covered altar of Uskayaw.
  5664 | D:7      | Noticed Menkaure
  5673 | D:7      | Killed Menkaure
  5673 | D:7      | Reached skill level 10 in Long Blades
  5835 | D:7      | Found a sacrificial altar of Ru.
  6592 | D:8      | Noticed Erica
  6604 | D:8      | Killed Erica
  6604 | D:8      | Reached skill level 5 in Shields
  7292 | D:9      | Reached XP level 10. HP: 88/88 MP: 9/9
  7299 | D:9      | Noticed Harold
  7574 | D:9      | Killed Harold
  7574 | D:9      | Reached skill level 11 in Long Blades
  7634 | D:9      | Found Zit Tat's Magic Scroll Shoppe.
  7642 | D:9      | Bought a scroll of acquirement for 676 gold pieces
  7660 | D:9      | Noticed Psyche
  7668 | D:9      | Killed Psyche
  7790 | D:9      | Found Izajifuph's Book Boutique.
  7850 | D:9      | Noticed Joseph
  7860 | D:9      | Killed Joseph
  7860 | D:9      | Reached skill level 1 in Evocations
  7872 | D:9      | Reached ***** piety under Trog
  7872 | D:9      | Received a gift from Trog
  8566 | D:9      | Found Gups's Gadget Shoppe.
  8635 | D:10     | Entered Level 10 of the Dungeon
  8818 | D:10     | Found Zishreose's Distillery.
  9110 | D:10     | Reached skill level 12 in Long Blades
  9263 | D:10     | Reached XP level 11. HP: 62/97 MP: 12/12
  9322 | D:10     | Found a staircase to the Lair.
  9564 | D:10     | Received a gift from Trog
  9982 | D:11     | Found a staircase to the Orcish Mines.
 10052 | D:11     | Found a gate leading to a gauntlet.
 10058 | Gauntlet | Entered a Gauntlet
 10058 | Gauntlet | Found a transporter.
 10058 | Gauntlet | Found a transporter.
 10058 | Gauntlet | Found a transporter.
 10058 | Gauntlet | Noticed a sixfirhy
 10068 | Gauntlet | Found a transporter.
 10071 | Gauntlet | Found a transporter.
 10076 | Gauntlet | Noticed an oklob plant
 10080 | Gauntlet | Found a transporter.
 10082 | Gauntlet | Found a transporter.
 10084 | Gauntlet | Noticed a thrashing horror
 10090 | Gauntlet | Found a transporter.
 10104 | Gauntlet | Found a large runed translucent door.
 10105 | Gauntlet | Found a large runed translucent door.
 10106 | Gauntlet | Found a large runed translucent door.
 10106 | Gauntlet | Found a large runed translucent door.
 10107 | Gauntlet | Found a runed translucent gate.
 10108 | Gauntlet | Found a transporter.
 10108 | Gauntlet | Found a runed translucent gate.
 10109 | Gauntlet | Found a large runed translucent door.
 10109 | Gauntlet | Found a large runed translucent door.
 10109 | Gauntlet | Found a runed translucent door.
 10110 | Gauntlet | Found a large runed translucent door.
 10111 | Gauntlet | Found a large runed translucent door.
 10113 | Gauntlet | Found a transporter.
 10116 | Gauntlet | Found a transporter.
 10126 | Gauntlet | Found a transporter.
 10181 | Gauntlet | Found a large runed translucent door.
 10182 | Gauntlet | Found a large runed translucent door.
 10183 | Gauntlet | Found a large runed translucent door.
 10183 | Gauntlet | Found a large runed translucent door.
 10183 | Gauntlet | Found a runed translucent door.
 10184 | Gauntlet | Found a large runed translucent door.
 10185 | Gauntlet | Found a large runed translucent door.
 10186 | Gauntlet | Found a large runed translucent door.
 10186 | Gauntlet | Found a large runed translucent door.
 10187 | Gauntlet | Found a runed translucent gate.
 10276 | Gauntlet | Got a heavily runed lead ring
 10307 | Gauntlet | Identified the ring of the Bruised Allies {rPois AC+2} (You
                  | found it in a Gauntlet)
 10483 | Gauntlet | Killed an oklob plant
 10540 | Gauntlet | Killed a thrashing horror
 10540 | Gauntlet | Reached skill level 10 in Fighting
 10553 | Gauntlet | Got a pair of jewelled gloves
 10564 | Gauntlet | Identified the +2 pair of gloves of Absolutism {rElec} (You
                  | found it in a Gauntlet)
 10591 | Gauntlet | Identified the +7 broad axe of Zaenka {freeze, rN+ Str+5}
 10591 | Gauntlet | Noticed a minotaur
 10600 | Gauntlet | HP: 2/148 [minotaur/the +7 broad axe of Zaenka {freeze, rN+
                  | Str+5} (16)]
 10604 | Gauntlet | Annihilated by a minotaur

Levels and vault maps discovered:
D:1:      minmay_arrival_five_plusses, layout_basic
D:2:      layout_basic, okawaru_metal_pillars_1_2, led_sif_pool, first_ration,
          small_statue_intersection
D:3:      minmay_angry_zag, layout_basic, uniq_sigmund
D:4:      kennysheep_the_goblin_king, layout_basic, serial_shops, shop,
          uniq_eustachio
D:5:      minmay_polygon_palace, layout_basic, zin_purify, glass_columns_a,
          nrook_uturn
D:6:      layout_basic, minmay_temple_entry_arrows, basic_altar
D:7:      layout_loops_ring, nicolae_overflow_crystal_walls, kennysheep_mini,
          dancing_weapons_uskayaw, minivault_11, uniq_menkaure
D:8:      layout_cave_pods, serial_column_ruins, column_ruins_hut_pillars,
          column_ruins_hut_ruined, column_ruins_grid_1,
          column_ruins_open_medium, column_ruins_open_medium,
          column_ruins_open_medium, column_ruins_columns_straight,
          column_ruins_columns_T, uniq_erica
D:9:      layout_cave_pods, serial_shops, nicolae_shop_stone, shop_fountains,
          shop, uniq_psyche, uniq_harold, uniq_joseph
D:10:     layout_stronghold, due_lair_maze_entry_diamond, serial_shops, shop
D:11:     layout_stronghold, david_orc_3, gauntlet_entry_generic, serial_shops,
          shop_fountains, grunt_ogre_cave
Gauntlet: minmay_gauntlet_mixed_big_or_small [gammafunk_gauntlet_arena_teeth,
          minmay_gauntlet_arena_77_squiggly, gammafunk_gauntlet_arena_hedges,
          minmay_gauntlet_arena_77_checkered,
          minmay_gauntlet_arena_make_your_own_arena,
          minmay_gauntlet_arena_77_mirror, gauntlet_exit_hidden_loot]

Skill      XL: |  1  2  3  4  5  6  7  8  9 10 11 |
---------------+----------------------------------+-----
Long Blades    | 4 5 6 7 9 10 12 | 12.4
Fighting       | 4 5 6 7 8 9 10 | 10.0
Armour         | 3 4 5 6 7 9 |  9.6
Dodging        | 3 4 5 7 8 |  8.9
Shields        | 1 3 5 |  5.4
Evocations     | 2 3 |  3.9

Action                   |  1- 3 |  4- 6 |  7- 9 | 10-12 || total
-------------------------+-------+-------+-------+-------++-------
Melee: Falchion          |    75 |    75 |   130 |       ||   280
       Headbutt          |    13 |    18 |    51 |    57 ||   139
       Scimitar          |       |       |   112 |   135 ||   247
       Great sword       |       |       |       |    32 ||    32
Invok: Berserk           |       |     3 |    10 |     7 ||    20
  Use: Scroll            |       |       |     2 |    13 ||    15
       Potion            |       |       |     1 |     1 ||     2
 Stab: Sleeping          |       |       |     1 |       ||     1
  Eat: Chunk             |       |     5 |    21 |    11 ||    37
       Ration            |       |       |     2 |     2 ||     4
Armor: Animal skin       |    11 |     8 |    10 |       ||    29
       Leather armour    |       |       |    16 |    27 ||    43
Dodge: Dodged            |    61 |    50 |   135 |   139 ||   385
Block: Buckler           |       |       |    42 |    33 ||    75
       Rpst.: Falchion   |    18 |    21 |    21 |       ||    60
       Scimitar          |       |       |    13 |    28 ||    41
       Great sword       |       |       |       |    12 ||    12

Table legend:
 A = Non-vault XP
 B = Vault XP
 C = Vault XP percentage of total XP
 D = Non-vault monster count
 E = Vault monster count
 F = Vault count percentage of total count
                 A         B        C        D         E       F
            +---------+---------+-------+---------+---------+-------
      Total |    6922 |    8395 |  54.8 |     225 |      49 |  17.9
            +---------+---------+-------+---------+---------+-------
        D:1 |      44 |       0 |   0.0 |      23 |       0 |   0.0
        D:2 |      71 |       0 |   0.0 |      17 |       0 |   0.0
        D:3 |     110 |     238 |  68.4 |      22 |       5 |  18.5
        D:4 |     301 |     245 |  44.9 |      11 |       8 |  42.1
        D:5 |     833 |     355 |  29.9 |      35 |       6 |  14.6
        D:6 |     782 |       0 |   0.0 |      13 |       0 |   0.0
        D:7 |     954 |     169 |  15.0 |      28 |       1 |   3.4
        D:8 |     393 |     934 |  70.4 |      14 |       1 |   6.7
        D:9 |    1018 |    1865 |  64.7 |      34 |       3 |   8.1
       D:10 |    2378 |    1116 |  31.9 |      27 |       9 |  25.0
       D:11 |      38 |     212 |  84.8 |       1 |       4 |  80.0
   Gauntlet |       0 |    3261 | 100.0 |       0 |      12 | 100.0
            +---------+---------+-------+---------+---------+-------
